 Dungeon Crawl Stone Soup version 0.32-a0-128-g77eb882913 (webtiles) character file.

Game seed: 11779723753969188834

23220 IdlyInterested the Slicer (level 12, -6/95 HPs)
             Began as a Demonspawn Fighter on Feb 6, 2024.
             Mangled by a four-headed hydra (12 damage)
             ... summoned by a glowing orange brain
             ... on level 13 of the Dungeon on Feb 7, 2024.
             The game lasted 01:15:48 (17760 turns).

IdlyInterested the Slicer (Demonspawn Fighter)     Turns: 17760, Time: 01:15:49

Health: -6/95      AC: 22    Str: 24    XL:     12   Next: 69%
Magic:  0/12       EV:  6    Int:  7    God:
Gold:   55         SH:  0    Dex: 19    Spells: 11/11 levels left

rFire   + . .        a - +4 rapier
rCold   + + .        c - +0 buckler
rNeg    . . .        o - +1 gold dragon scales
rPois   +            n - +2 helmet
rElec   +            h - +0 cloak
rCorr   .            f - +0 pair of gloves
SInv    .            (no boots)
Will    .....        z - amulet of guardian spirit Stlth
                     C - +6 ring of strength
HPRegen 0.35/turn    R - ring "Qeruma Xoni" {Fly rElec rC+ Int-2 Dex+3}
MPRegen 0.13/turn

%: guardian spirit
@: confused, afraid, on berserk cooldown, flying, slowed, very slow
A: hooves 1, large bone plates 3, foul stench 2, powered by pain 2
a: no special abilities


You were on level 13 of the Dungeon.
You visited 2 branches of the dungeon, and saw 14 of its levels.
You also visited: Sewer and Bailey.

You collected 1393 gold pieces.
You spent 1338 gold pieces at shops.

Inventory:

Hand Weapons
 a - a +4 rapier (weapon)
 A - a +2 antimagic short sword
 G - a +2 dagger of electrocution
Missiles
 g - 83 stones (quivered)
 q - 5 atropa-tipped darts
 v - 68 poisoned darts
 H - 10 curare-tipped darts
 L - a silver javelin
 P - 22 boomerangs
 Q - 5 datura-tipped darts
Armour
 c - a +0 buckler (worn)
 f - a +0 pair of gloves (worn)
 h - a +0 cloak (worn)
 n - a +2 helmet (worn)
 o - +1 gold dragon scales (worn)
 V - a +0 ring mail of positive energy
Jewellery
 e - an amulet of faith
 z - an amulet of guardian spirit (around neck)
 C - a +6 ring of strength (left hand)
 F - a ring of protection from cold
 R - the ring "Qeruma Xoni" (right hand) {Fly rElec rC+ Int-2 Dex+3}
   (You found it on level 7 of the Dungeon)

   [ring of flight]

   Int-2:     It affects your intelligence (-2).
   Dex+3:     It affects your dexterity (+3).
   rC+:       It protects you from cold.
   rElec:     It insulates you from electricity.
   Fly:       It grants you flight.
Talismans
 J - the maw talisman "Hets" {rC+ Str+2 SInv Stlth+}
   (You found it on level 6 of the Dungeon)

   [maw talisman]

   Str+2:     It affects your strength (+2).
   rC+:       It protects you from cold.
   SInv:      It lets you see invisible.
   Stlth+:    It makes you more stealthy.
Wands
 y - a wand of flame (16)
 M - a wand of paralysis (15)
 N - a wand of digging (3)
 X - a wand of roots (1)
Scrolls
 i - a scroll of torment
 k - 3 scrolls of amnesia
 l - a scroll of poison
 p - 6 scrolls of fear
 r - 2 scrolls of fog
 s - a scroll of brand weapon
 E - a scroll of teleportation
 I - a scroll of immolation
 Y - 2 scrolls of revelation
Potions
 b - a potion of mutation
 d - a potion of might
 j - a potion of resistance
 m - a potion of curing
 t - 5 potions of enlightenment
 u - 3 potions of haste
 w - a potion of cancellation
 x - 2 potions of attraction
 B - a potion of brilliance
 D - 4 potions of lignification


   Skills:
 - Level 9.0 Fighting
 - Level 14.0 Short Blades
 - Level 2.0 Throwing
 - Level 6.0 Armour
 + Level 6.2 Dodging
 - Level 2.0 Stealth
 - Level 6.0 Shields
 - Level 2.0 Evocations
 * Level 5.0 Shapeshifting


You had 11 spell levels left.
You didn't know any spells.
Your spell library contained the following spells:

 Spells                   Type           Power      Damage    Failure   Level
 Magic Dart               Conj           0%         1d3       100%        1
 Summon Small Mammal      Summ           0%         N/A       100%        1
 Searing Ray              Conj           0%         2d4       100%        2
 Call Canine Familiar     Summ           0%         N/A       100%        3
 Sigil of Binding         Hex            0%         N/A       100%        3
 Stone Arrow              Conj/Erth      0%         3d7       100%        3
 Animate Armour           Summ/Erth      0%         N/A       100%        4
 Dimensional Bullseye     Hex/Tloc       0%         N/A       100%        4
 Fulminant Prism          Conj/Alch      0%         3d5       100%        4
 Summon Blazeheart Golem  Fire/Summ      0%         N/A       100%        4
 Vhi's Electric Charge    Tloc/Air       0%         N/A       100%        4
 Arcjolt                  Conj/Air       0%         1d10      100%        5
 Plasma Beam              Fire/Air       0%         2x1d10    100%        6
 Lehudib's Crystal Spear  Conj/Erth      0%         10d2      100%        8


Dungeon Overview and Level Annotations

Branches:
Dungeon (13/15)            Temple (1/1) D:6            Lair (0/5) D:10
    Orc (0/2) D:11         Vaults (0/5) D:13          Sewer (visited)
 Bailey (visited)

Altars:
Ashenzari
Cheibriados
Dithmenos
Fedhas
Gozag
Hepliaklqana
Kikubaaqudgha
Makhleb
Nemelex Xobeh
Okawaru
Qazlal
Ru
Sif Muna
Trog
Uskayaw
Vehumet
Wu Jian
Xom
Yredelemnul

Shops:
D:1 !   D:5 *   D:10 =

Portals:
Trove: D:11 (give 6 potions of haste)


Innate Abilities, Weirdness & Mutations

You have large cloven feet.
You are completely covered in large bone plates. (SH +8)
You sometimes emit foul miasma when damaged in melee.
You sometimes gain power by taking damage.


Message History

You attempt to attack the glowing orange brain, but flinch away in fear!
The cyclops hits you.
You hit the glowing orange brain.
Your kick misses the glowing orange brain.
The glowing orange brain is severely wounded.
The glowing orange brain pulsates.
Something gnaws heavily on your mind!
* * * LOW HITPOINT WARNING * * *
You feel your power leaking away.
You hit the glowing orange brain.
The glowing orange brain is almost dead.
You block the cyclops's attack.
You hit the glowing orange brain.
Your kick misses the glowing orange brain.
The glowing orange brain is almost dead.
You attempt to attack the glowing orange brain, but flinch away in fear!
The cyclops hits you but does no damage.
The glowing orange brain pulsates.
You are confused.
You barely miss the glowing orange brain.
The glowing orange brain is almost dead.
The glowing orange brain pulsates.
The cyclops hits you.
* * * LOW HITPOINT WARNING * * *
You emit a cloud of foul miasma!
Unknown command.
You attempt to attack the glowing orange brain, but flinch away in fear!
The basilisk dissolves into shadows!
The acid dragon dissolves into shadows!
The cyclops is engulfed in dark miasma.
The cyclops is poisoned.
The cyclops hits you.
* * * LOW HITPOINT WARNING * * *
Unknown command.
You bump into the rock wall.
The troll barely misses you.
The troll claws you but does no damage. x2
The efreet hits you with a +4 scimitar of flaming!
* * * LOW HITPOINT WARNING * * *
You emit a cloud of foul miasma!
The four-headed hydra bites you but does no damage.
The four-headed hydra bites you!
You die...

................#.#####
#...#...# #.#........
#..<##.####...(......
#...............#...#
#..###.####..###.###.
#..###.......# #.# #.
#............# #.###.
##.TCR......## ##....
##D@#####.## ##)#. ##G#
#.# #.#) #.# #.# #..)
#)# #.# #..# ........#
#.# #..# (....(..# #..#
∩..#.(#.# #..# ..
####.. .... ### ###.#


You could see a four-headed hydra (summoned), a glowing orange brain (scary), a
cyclops (summoned, poisoned), a troll (summoned) and an efreet (summoned).

Vanquished Creatures
  An ironbound preserver (D:13)
  Josephine (D:11)
  A hydra (D:11)
  A centaur warrior (D:13)
  6 two-headed ogres
  An orc knight (Bailey)
  A deep elf pyromancer (D:12)
  3 cyclopes
  2 manticores (D:13)
  An elephant (D:10)
  3 meliai (D:13)
  An unseen horror (D:12)
  A kobold demonologist (D:10)
  A komodo dragon (D:12)
  The ghost of pokeman the Thaumaturge, a novice DEHW (D:6)
  2 trolls
  A hornet (D:10)
  Sigmund (D:7)
  A vampire (D:9)
  7 wraiths
  5 yaks (D:9)
  Eustachio (D:4)
  3 wyverns
  An unseen horror simulacrum (D:6)
  4 steam dragons (D:7)
  5 vampire mosquitoes
  3 basilisks
  3 acid dragons
  Edmund (D:7)
  A water moccasin (D:7)
  7 orc warriors
  An ice beast (D:7)
  2 black bears
  5 sky beasts (D:7)
  2 crocodiles
  3 ogres
  7 centaurs
  13 kobold brigands
  A phantom (D:5)
  5 bullfrogs
  A scorpion (D:7)
  7 wights (D:7)
  10 killer bees
  3 howler monkeys
  2 electric eels (D:11)
  2 spectral centaurs (D:6)
  7 hounds
  8 orc priests
  3 jellies
  2 sleepcaps
  9 orc wizards
  4 iguanas
  A killer bee zombie (D:7)
  9 gnolls
  2 adders (D:2)
  A shadow imp (D:6)
  3 white imps
  4 dart slugs
  3 ribbon worms
  44 orcs
  13 ball pythons
  4 bats
  6 endoplasms
  6 giant cockroaches
  18 goblins
  3 hobgoblins
  10 jackals
  37 kobolds
  3 quokkas (D:3)
  4 frilled lizards
  4 rats
343 creatures vanquished.

Vanquished Creatures (collateral kills)
  A two-headed ogre (D:5)
  A centaur (D:5)
  A killer bee (D:10)
  A hound (D:5)
  The ghost of Esekla the Sneak, a weakling OpDe (D:5)
  A kobold (D:11)
6 creatures vanquished.

Vanquished Creatures (others)
  A sky beast (D:7)
  A crocodile (D:7)
  2 killer bees (D:10)
  A kobold (D:11)
5 creatures vanquished.

Grand Total: 354 creatures vanquished

Notes
Turn   | Place    | Note
-------+----------+-------------------------------------------
     0 | D:1      | IdlyInterested the Demonspawn Fighter began the quest for
                  | the Orb.
     0 | D:1      | Reached XP level 1. HP: 18/18 MP: 1/1
    42 | D:1      | Found Biar's Distillery.
    61 | D:1      | Reached skill level 2 in Short Blades
    69 | D:1      | Gained mutation: You may rarely emit foul miasma when
                  | damaged in melee. [demonic ancestry]
    69 | D:1      | Reached XP level 2. HP: 23/24 MP: 2/2
   180 | D:1      | Reached skill level 1 in Stealth
   349 | D:1      | Reached skill level 1 in Throwing
   429 | D:1      | Gained mutation: You are partially covered in large bone
                  | plates. (SH +4) [demonic ancestry]
   429 | D:1      | Reached XP level 3. HP: 29/29 MP: 3/3
   793 | D:2      | Found a hazy altar of Hepliaklqana.
   849 | D:2      | Reached skill level 1 in Dodging
   894 | D:2      | Reached skill level 1 in Evocations
   907 | D:2      | Gained mutation: You sometimes gain a little power by
                  | taking damage. [demonic ancestry]
   907 | D:2      | Reached XP level 4. HP: 35/35 MP: 4/4
  1361 | D:1      | Bought a potion of heal wounds for 55 gold pieces
  1424 | D:3      | Reached skill level 3 in Short Blades
  1479 | D:3      | Gained mutation: You sometimes gain power by taking damage.
                  | [demonic ancestry]
  1479 | D:3      | Reached XP level 5. HP: 34/41 MP: 5/5
  1494 | D:3      | Found a broken altar of Ashenzari.
  1591 | D:3      | Found a glowing drain.
  1631 | Sewer    | Entered a sewer
  1665 | Sewer    | Reached skill level 4 in Short Blades
  1700 | Sewer    | Noticed a crocodile
  1739 | Sewer    | Killed a crocodile
  1740 | Sewer    | Gained mutation: You are mostly covered in large bone
                  | plates. (SH +6) [demonic ancestry]
  1740 | Sewer    | Reached XP level 6. HP: 16/47 MP: 6/6
  2122 | Sewer    | Reached skill level 5 in Short Blades
  2652 | D:1      | Bought a potion of curing for 33 gold pieces
  2759 | D:4      | Found a hide-covered altar of Uskayaw.
  2813 | D:4      | Noticed Eustachio
  2848 | D:4      | Killed Eustachio
  2849 | D:4      | Reached XP level 7. HP: 52/52 MP: 7/7
  3168 | D:4      | Reached skill level 6 in Short Blades
  3608 | D:5      | Entered Level 5 of the Dungeon
  3935 | D:5      | Reached XP level 8. HP: 45/60 MP: 5/8
  3949 | D:5      | Found a runed translucent gate.
  3949 | D:5      | Found a runed translucent gate.
  3950 | D:5      | Found a runed translucent gate.
  3951 | D:5      | Found an opulent altar of Gozag.
  3951 | D:5      | Noticed a two-headed ogre
  3953 | D:5      | Noticed Esekla's ghost (weakling OpDe)
  4029 | D:5      | Reached skill level 7 in Short Blades
  4116 | D:5      | Found Buno's General Store.
  4562 | D:5      | Killed Esekla's ghost
  4571 | D:5      | Killed a two-headed ogre
  4572 | D:5      | Reached skill level 8 in Short Blades
  4843 | D:1      | Bought a potion of resistance for 110 gold pieces
  5119 | D:6      | Found a burning altar of Makhleb.
  5121 | D:6      | Found a stormy altar of Qazlal.
  5305 | D:6      | Found a runed translucent gate.
  5305 | D:6      | Found a runed translucent gate.
  5305 | D:6      | Found a runed translucent gate.
  5306 | D:6      | Noticed pokeman's ghost (novice DEHW)
  5346 | D:6      | Reached skill level 9 in Short Blades
  5412 | D:6      | Found a staircase to the Ecumenical Temple.
  5418 | Temple   | Entered the Ecumenical Temple
  5545 | D:6      | Gained mutation: You sometimes emit foul miasma when
                  | damaged in melee. [demonic ancestry]
  5545 | D:6      | Reached XP level 9. HP: 65/65 MP: 9/9
  5857 | D:6      | Killed pokeman's ghost
  5897 | D:6      | Identified the maw talisman "Hets" {rC+ Str+2 SInv Stlth+}
  6105 | D:1      | Bought a potion of haste for 110 gold pieces
  6266 | D:7      | Reached skill level 10 in Short Blades
  6275 | D:7      | Found a flagged portal.
  6365 | Bailey   | Entered a bailey
  6541 | Bailey   | Noticed an orc knight
  6565 | Bailey   | Killed an orc knight
  6566 | Bailey   | Reached skill level 11 in Short Blades
  6605 | Bailey   | Gained mutation: You are completely covered in large bone
                  | plates. (SH +8) [demonic ancestry]
  6605 | Bailey   | Reached XP level 10. HP: 32/71 MP: 8/10
  6616 | Bailey   | Found a bloodstained altar of Trog.
  6646 | Bailey   | Identified the +6 war axe of Disgust {chaos, +Blink rC-
                  | Dex-4 SInv}
  7231 | D:1      | Bought a potion of mutation for 88 gold pieces
  7368 | D:7      | Reached skill level 12 in Short Blades
  8145 | D:7      | Identified the +6 sling of Summer {drain, Will- Dex+6 SInv}
  8209 | D:7      | Identified the ring "Qeruma Xoni" {Fly rElec rC+ Int-2
                  | Dex+3}
  8577 | D:7      | Reached skill level 5 in Fighting
  8687 | D:7      | Noticed Sigmund
  8701 | D:7      | Killed Sigmund
  8702 | D:7      | Reached skill level 13 in Short Blades
  8729 | D:7      | Noticed Edmund
  8762 | D:7      | Killed Edmund
  8844 | D:7      | Found an iron altar of Okawaru.
  9429 | D:5      | Bought a +2 leather armour of fire resistance for 228 gold
                  | pieces
  9429 | D:5      | Bought a scroll of identify for 24 gold pieces
  9431 | D:5      | Bought a scroll of identify for 24 gold pieces
  9572 | D:1      | Bought a potion of curing for 33 gold pieces
  9691 | D:5      | Bought 5 atropa-tipped darts for 54 gold pieces
 10563 | D:8      | Found a radiant altar of Vehumet.
 11130 | D:9      | Noticed a two-headed ogre
 11149 | D:9      | Killed a two-headed ogre
 11150 | D:9      | Reached XP level 11. HP: 73/81 MP: 8/11
 12154 | D:9      | Noticed a two-headed ogre
 12171 | D:9      | Killed a two-headed ogre
 12172 | D:9      | Reached skill level 14 in Short Blades
 12668 | D:1      | Bought a potion of might for 44 gold pieces
 12852 | D:10     | Entered Level 10 of the Dungeon
 12852 | D:10     | Found Apsonery's Jewellery Shop.
 12859 | D:10     | Noticed a two-headed ogre
 12863 | D:10     | Found a staircase to the Lair.
 12880 | D:10     | Reached skill level 5 in Armour
 12893 | D:10     | Killed a two-headed ogre
 12954 | D:10     | HP: 2/83 [basilisk (8)]
 12974 | D:10     | Paralysed by a hornet for 3 turns
 12977 | D:10     | HP: 2/83 [hornet (5)]
 13328 | D:10     | Found a snail-covered altar of Cheibriados.
 13328 | D:10     | Found an opulent altar of Gozag.
 13451 | D:10     | Found a bloodstained altar of Trog.
 13470 | D:10     | Upgraded the game from 0.32-a0-120-gfac0567ad4 to
                  | 0.32-a0-128-g77eb882913
 13700 | D:10     | Noticed a two-headed ogre
 13712 | D:10     | Killed a two-headed ogre
 13746 | D:10     | Noticed a soul eater
 14038 | D:10     | Bought a ring of protection from cold for 425 gold pieces
 14271 | D:11     | Noticed a four-headed hydra
 14285 | D:11     | Killed a four-headed hydra
 14505 | D:11     | Found a portal to a secret trove of treasure.
 14596 | D:11     | Reached skill level 5 in Dodging
 14739 | D:11     | Noticed Josephine
 14740 | D:11     | Found a staircase to the Orcish Mines.
 14776 | D:11     | Killed Josephine
 15093 | D:11     | Gained mutation: You have large cloven feet. [demonic
                  | ancestry]
 15093 | D:11     | Reached XP level 12. HP: 94/94 MP: 12/12
 15098 | D:11     | Noticed a two-headed ogre
 15105 | D:11     | Killed a two-headed ogre
 15739 | D:1      | Bought a potion of haste for 110 gold pieces
 16193 | D:12     | Reached skill level 1 in Shapeshifting
 16387 | D:12     | Noticed a two-headed ogre
 16405 | D:12     | Killed a two-headed ogre
 17375 | D:13     | Reached skill level 5 in Shields
 17578 | D:13     | Noticed a centaur warrior
 17598 | D:13     | Killed a centaur warrior
 17693 | D:13     | Found a gate to the Vaults.
 17694 | D:13     | Noticed a centaur warrior
 17698 | D:13     | Noticed an ironbound preserver
 17709 | D:13     | Noticed a tengu warrior
 17719 | D:13     | Killed an ironbound preserver
 17720 | D:13     | Reached skill level 5 in Shapeshifting
 17759 | D:13     | Noticed a four-headed hydra
 17760 | D:13     | Mangled by a four-headed hydra

Illustrated notes

Levels and vault maps discovered:
D:1:      nzn_arrival_settlement, layout_basic, serial_shops, shop,
          minmay_misc_feat_diagonals
D:2:      layout_rooms, basic_altar, minmay_misc_feat_four_crosses,
          serial_bayou_lake_a
D:3:      layout_basic, mainiacjoe_overflow_cross_hatched, portal_sewer_entry_f
D:4:      layout_loops_ring, nicolae_uskayaw_suspiria, uniq_eustachio
D:5:      layout_cave_pools, ebering_ghost_gozag, serial_shops, shop
D:6:      layout_gridville, chequers_temple_overflow_statue_of_worship,
          minmay_temple_entry_enclosed_plants, gammafunk_ghost_necromancy
D:7:      regret_index_malice_mire, layout_loops_ring,
          okawaru_altar_gauntlet_db, lightli_bailey_entry_fortress,
          sigmund_edmund_badplayer
D:8:      layout_basic, amethyst_overflow_temple_binary
D:9:      layout_loops_ring, nzn_life_drinkers
D:10:     layout_rooms, gammafunk_temple_overflow_statue, trog_antimagical,
          david_lair_generic, nicolae_stop_n_shop_2,
          hangedman_abyss_or_decor_stagger
D:11:     layout_basic, orc_0_dummy, serial_corexii_hall,
          corexii_hall_statues_x, corexii_hall_statues_s, enter_trove_1,
          uniq_josephine
D:12:     layout_cave_pools, serial_glass, glass_columns_b, glass_columns_a
D:13:     layout_loops_ring, hellmonk_vaults_order_and_chaos
Temple:   nicolae_temple_ecumenical_triangle

Skill      XL: |  1  2  3  4  5  6  7  8  9 10 11 12 |
---------------+-------------------------------------+-----
Armour         | 3 4 6 |  6.0
Short Blades   | 2 3 4 5 6 9 11 13 14 | 14.0
Stealth        | 1 2 |  2.0
Throwing       | 1 2 |  2.0
Dodging        | 1 2 3 4 5 6 |  6.2
Evocations     | 1 2 |  2.0
Fighting       | 4 5 8 9 |  9.0
Shields        | 6 |  6.0
Shapeshifting  | 5 |  5.0

Action                     |  1- 3 |  4- 6 |  7- 9 | 10-12 || total
---------------------------+-------+-------+-------+-------++-------
  Melee: Rapier            |   181 |   330 |   488 |  1391 ||  2390
         Short sword       |       |       |       |   105 ||   105
         Kick              |       |       |       |    93 ||    93
  Throw: Stone             |     1 |       |       |    92 ||    93
         Dart              |       |     3 |    24 |    47 ||    74
         Javelin           |       |       |     3 |     3 ||     6
         Throwing net      |       |       |     1 |       ||     1
  Evoke: Wand              |       |       |     1 |     3 ||     4
    Use: Scroll            |       |     4 |     7 |    16 ||    27
         Potion            |       |     2 |     4 |    14 ||    20
   Stab: Held in net/web   |       |       |     1 |       ||     1
 Armour: Scale mail        |   131 |   185 |   139 |       ||   455
         Chain mail        |       |       |    95 |     2 ||    97
         Plate armour      |       |       |       |   600 ||   600
         Gold dragon scale |       |       |       |   261 ||   261
  Dodge: Dodged            |    70 |   107 |   153 |   259 ||   589
  Block: Buckler           |    55 |   144 |   209 |   724 ||  1132

Table legend: (Time is in decaauts)
 A = Elapsed time spent in this place.
 B = Non-inter-level travel time spent in this place.
 C = Inter-level travel time spent in this place.
 D = Time resting spent in this place.
 E = Time spent auto-exploring this place.
 F = Levels seen in this place.
 G = Mean time per level.
                   A        B        C        D        E       F      G
               +--------+--------+--------+--------+--------+-----+--------+
         Total |  17250 |  14283 |   2967 |   3180 |   6567 |  16 | 1078.1 |
       Dungeon |  16285 |  13318 |   2967 |   2966 |   6333 |  13 | 1252.7 |
        Temple |      1 |      1 |      0 |      0 |      0 |   1 |    1.0 |
         Sewer |    567 |    567 |      0 |    149 |    112 |   1 |  567.0 |
        Bailey |    396 |    396 |      0 |     65 |    121 |   1 |  396.0 |
               +--------+--------+--------+--------+--------+-----+--------+

Top non-repeatable levels by time:
     D:7: 2454 daAuts
     D:5: 1510 daAuts
    D:11: 1486 daAuts
     D:8: 1438 daAuts
     D:9: 1393 daAuts
     D:6: 1299 daAuts
     D:4: 1286 daAuts
    D:10: 1154 daAuts
     D:1: 1084 daAuts
     D:3: 979 daAuts
     D:2: 963 daAuts
    D:12: 882 daAuts
   Sewer: 567 daAuts
  Bailey: 396 daAuts
    D:13: 352 daAuts
